 Dungeon Crawl Stone Soup version 0.30.0-29-ga12c61a403 (webtiles) character file.

Game seed: 11352492519730907373

18743 Fodor the Basher (level 12, -12/106 HPs)
             Began as a Minotaur Fighter on June 18, 2023.
             Was an Elder of the Shining One.
             Mangled by a fire giant
             ... wielding a +2 great sword of flaming
              (29 damage)
             ... on level 13 of the Dungeon on June 19, 2023.
             The game lasted 01:17:23 (12283 turns).

Fodor the Basher (Minotaur Fighter)                Turns: 12283, Time: 01:17:24

Health: -12/106    AC: 17    Str: 23    XL:     12   Next: 30%
Magic:  11/11      EV: 14    Int:  5    God:    the Shining One [****..]
Gold:   604        SH: 13    Dex: 19    Spells: 11/11 levels left

rFire   + . .        m - +6 flail (protect)
rCold   . . .        c - +0 buckler
rNeg    + + .        F - +4 scale mail
rPois   .            (helmet restricted)
rElec   .            E - +2 cloak
rCorr   .            (no gloves)
SInv    .            R - +0 pair of boots of Fortification {rF+}
Will    .....        p - amulet of reflection
Stlth   +            h - +6 ring of dexterity
HPRegen 0.37/turn    (no ring)
MPRegen 0.12/turn

%: reflection
@: about to teleport, glowing
A: horns 2, retaliatory headbutt, wild magic 2
a: Renounce Religion, Divine Shield, Cleansing Flame


You were on level 13 of the Dungeon.
You worshipped the Shining One.
The Shining One was greatly pleased with you.
You visited 1 branch of the dungeon, and saw 13 of its levels.

You collected 825 gold pieces.
You spent 221 gold pieces at shops.

Inventory:

Hand Weapons
 k - a +2 heavy mace
 m - a +6 flail of protection (weapon)
 v - a +0 shortbow
Missiles
 e - 20 poisoned darts (quivered)
 o - 12 boomerangs
Armour
 c - a +0 buckler (worn)
 s - a +1 pair of gloves of strength
 E - a +2 cloak (worn)
 F - a +4 scale mail (worn)
 R - the +0 pair of boots of Fortification (worn) {rF+}
   (You acquired it on level 10 of the Dungeon)

   rF:        It protects you from fire.
Jewellery
 g - a ring of flight
 h - a +6 ring of dexterity (left hand)
 p - an amulet of reflection (around neck)
 w - a ring of willpower
 I - a ring of protection from cold
 K - an amulet of magic regeneration
 N - a ring of magical power
Wands
 a - a wand of roots (24)
 x - a wand of digging (10)
 H - a wand of flame (17)
 L - a wand of quicksilver (5)
 Q - a wand of charming (4)
Scrolls
 b - 5 scrolls of teleportation
 j - 4 scrolls of immolation
 n - a scroll of poison
 q - 7 scrolls of magic mapping
 y - 2 scrolls of fog
 B - a scroll of acquirement
 D - 2 scrolls of brand weapon
 J - a scroll of vulnerability {unknown}
 M - a scroll of silence {unknown}
 P - 2 scrolls of amnesia {unknown}
Potions
 d - 2 potions of might
 i - 2 potions of flight
 l - 6 potions of lignification
 r - a potion of mutation
 t - 2 potions of resistance
 u - 2 potions of haste {unknown}
 z - 4 potions of degeneration {unknown}
 A - 2 potions of berserk rage {unknown}


   Skills:
 + Level 10.1 Fighting
 + Level 3.3 Long Blades
 + Level 14.1 Maces & Flails
 + Level 3.1 Throwing
 + Level 10.3 Armour
 + Level 6.5 Dodging
 + Level 1.8 Stealth
 + Level 12.1 Shields


You had 11 spell levels left.
You didn't know any spells.
Your spell library contained the following spells:

 Spells                   Type           Power      Damage    Failure   Level
 Magic Dart               Conj           0%         1d3       89%         1
 Summon Small Mammal      Summ           0%         N/A       89%         1
 Blink                    Tloc           0%         N/A       96%         2
 Cigotuvi's Dreadful Rot  Necr/Pois/Air  0%         N/A       96%         2
 Lesser Beckoning         Tloc           0%         N/A       96%         2
 Searing Ray              Conj           0%         2d4       96%         2
 Dazzling Flash           Conj/Hex       0%         N/A       99%         3
 Gell's Gravitas          Tloc           0%         N/A       99%         3
 Ignite Poison            Fire/Tmut/Pois 0%         N/A       99%         3
 Portal Projectile        Hex/Tloc       0%         N/A       99%         3
 Teleport Other           Tloc           0%         N/A       99%         3
 Tukima's Dance           Hex            0%         N/A       99%         3
 Volatile Blastmotes      Fire/Tloc      0%         2d10      99%         3
 Animate Armour           Summ/Erth      0%         N/A       100%        4
 Fulminant Prism          Conj/Hex       0%         3d5       100%        4
 Iskenderun's Mystic Bla  Conj/Tloc      0%         2d3       100%        4
 Manifold Assault         Tloc           0%         N/A       100%        4
 Summon Lightning Spire   Summ/Air       0%         N/A       100%        4
 Blade Hands              Tmut           0%         N/A       100%        5
 Freezing Cloud           Conj/Ice/Air   0%         6-21      100%        5
 Lee's Rapid Deconstruct  Erth           0%         3d4*      100%        5
 Dispersal                Tloc           0%         N/A       100%        6
 Storm Form               Tmut/Air       0%         N/A       100%        7
 Discord                  Hex            0%         N/A       100%        8


Dungeon Overview and Level Annotations

Branches:
Dungeon (13/15)            Temple (0/1) D:5            Lair (0/5) D:8
    Orc (0/2) D:10
 Vaults: D:13-14

Altars:
Cheibriados
Elyvilon
Fedhas
Gozag
Makhleb
Nemelex Xobeh
Ru
Sif Muna
Uskayaw
Vehumet
Yredelemnul
The Shining One

Shops:
D:1 =   D:11 *[

Annotations:
D:11 3 runed translucent doors, gdog's ghost, journeyman GnDe


Innate Abilities, Weirdness & Mutations

You have a pair of horns on your head.
You reflexively headbutt those who attack you in melee.
Your spells are harder to cast, but more powerful.


Message History

The fire giant points at you and mumbles some strange words.
The fireball explodes!
The fireball engulfs you. You resist.
The fireball engulfs the fire giant.
The fire giant resists.
Your limbs are stiffening.
Unknown command.
You hit the fire giant but do no damage.
The fire giant is heavily wounded.
The lindwurm changes into a mana viper!
The basilisk gazes at you.
Your limbs have turned to stone.
The fire giant gestures at you while chanting.
The bolt of fire hits you! You resist.
You have turned to stone.
The fire giant points at you and mumbles some strange words.
The fireball explodes!
The fireball engulfs you! You resist.
The fireball engulfs the fire giant.
The fire giant resists.
You hear an angry buzzing noise.
The fire giant hits you with a +2 great sword of flaming!! x2
The fire giant burns you. The basilisk bites you.
The fire giant hits you with a +2 great sword of flaming!
The fire giant burns you.
The basilisk bites you but does no damage.
The fire giant hits you with a +2 great sword of flaming!!
The fire giant burns you.
The basilisk bites you but does no damage.
The fire giant hits you with a +2 great sword of flaming!!
* * * LOW HITPOINT WARNING * * *
The fire giant burns you.
The basilisk bites you but does no damage.
The fire giant hits you with a +2 great sword of flaming.
* * * LOW HITPOINT WARNING * * *
The basilisk bites you. The fire giant casts a spell at you.
The bolt of fire hits you! You resist.
* * * LOW HITPOINT WARNING * * *
You turn to flesh and can move again.
As you read the scroll of teleportation, it crumbles to dust.
You feel strangely unstable. The basilisk completely misses you.
The fire giant hits you with a +2 great sword of flaming!!
You die...

... .. ### ..### #.. C...#
#.#...#.# ####.#...#.#
#...@CS..#.# #.##l#...#.#
#.##.#####.#
#.#........########
########.#..##...........#
#...[....#........######.#
#........#..#..#..# #.#
#........#..#.##..# #.#
#...........).##..# ###.#


You could see a fire giant, a mana viper shaped shifter and a basilisk.

Vanquished Creatures
  A yaktaur captain (D:13)
  2 boulder beetles
  A centaur warrior (D:13)
  2 two-headed ogres
  3 skeletal warriors (D:12)
  A deep elf pyromancer (D:8)
  An ugly thing (D:13)
  A cyclops (D:8)
  A gargoyle (D:12)
  An unseen horror (D:11)
  A kobold demonologist (D:13)
  A komodo dragon (D:8)
  Maggie (D:6)
  Psyche (D:8)
  3 trolls
  A hornet (D:8)
  3 slime creatures (D:12)
  3 shadows
  3 wyverns (D:9)
  A wraith (D:11)
  10 yaks (D:11)
  14 vampire mosquitoes
  Edmund (D:6)
  2 acid dragons
  Duvessa (D:5)
  A water moccasin (D:6)
  9 orc warriors
  2 black bears (D:5)
  5 centaurs
  2 ogres (D:5)
  2 phantoms
  2 kobold brigands
  4 bullfrogs
  2 gnoll sergeants
  3 scorpions
  6 wights (D:8)
  Dowan (D:5)
  8 killer bees
  An electric eel (D:6)
  5 howler monkeys
  8 orc priests
  4 jellies
  2 hounds
  2 sleepcaps
  3 iguanas
  18 orc wizards
  9 adders
  3 gnolls (D:10)
  2 shadow imps
  A white imp (D:5)
  An ufetubus (D:6)
  2 worms (D:2)
  A dart slug (D:10)
  41 orcs
  6 bats
  12 endoplasms
  3 giant cockroaches
  4 goblins
  6 hobgoblins
  3 jackals (D:4)
  14 kobolds
  4 ball pythons
  3 frilled lizards
  8 rats
273 creatures vanquished.

Vanquished Creatures (collateral kills)
  A wraith (D:12)
1 creature vanquished.

Vanquished Creatures (others)
  A quokka (D:10)
1 creature vanquished.

Grand Total: 275 creatures vanquished

Notes
Turn   | Place    | Note
-------+----------+-------------------------------------------
     0 | D:1      | Fodor the Minotaur Fighter began the quest for the Orb.
     0 | D:1      | Reached XP level 1. HP: 19/19 MP: 0/0
   374 | D:1      | Reached XP level 2. HP: 27/27 MP: 1/1
   568 | D:1      | Found Zionat's Jewellery Boutique.
   680 | D:2      | Reached XP level 3. HP: 31/33 MP: 2/2
  1204 | D:3      | Reached skill level 1 in Maces & Flails
  1230 | D:3      | Gained mutation: You are partially covered in iridescent
                  | scales. (AC +2) [potion of mutation]
  1230 | D:3      | Gained mutation: Your spells are a little harder to cast,
                  | but a little more powerful. [potion of mutation]
  1230 | D:3      | Lost mutation: You are partially covered in iridescent
                  | scales. (AC +2) [potion of mutation]
  1230 | D:3      | Gained mutation: Your spells are harder to cast, but more
                  | powerful. [potion of mutation]
  1232 | D:3      | Reached XP level 4. HP: 10/40 MP: 3/3
  2182 | D:4      | Reached skill level 2 in Maces & Flails
  2194 | D:4      | Reached XP level 5. HP: 45/47 MP: 4/4
  2210 | D:4      | Found a glowing golden altar of the Shining One.
  2212 | D:4      | Noticed an angel
  2217 | D:4      | Became a worshipper of the Shining One
  2233 | D:4      | Found a basalt altar of Yredelemnul.
  2469 | D:4      | Reached skill level 3 in Maces & Flails
  2604 | D:4      | Reached skill level 1 in Dodging
  3407 | D:5      | Entered Level 5 of the Dungeon
  3530 | D:5      | Reached XP level 6. HP: 53/53 MP: 5/5
  3542 | D:5      | Noticed an orc warrior
  3566 | D:5      | Reached skill level 5 in Armour
  3573 | D:5      | Killed an orc warrior
  3574 | D:5      | Reached skill level 4 in Maces & Flails
  3856 | D:5      | Found a staircase to the Ecumenical Temple.
  3946 | D:5      | Reached skill level 5 in Shields
  4008 | D:5      | Noticed Duvessa
  4009 | D:5      | Noticed Dowan
  4015 | D:5      | Killed Duvessa
  4016 | D:5      | Reached skill level 5 in Fighting
  4016 | D:5      | Reached XP level 7. HP: 54/61 MP: 6/6
  4017 | D:5      | Killed Dowan
  4066 | D:5      | Reached skill level 5 in Maces & Flails
  4081 | D:5      | Reached XP level 8. HP: 26/69 MP: 7/7
  4526 | D:5      | Found a sparkling altar of Nemelex Xobeh.
  4586 | D:6      | Noticed Edmund
  4594 | D:6      | Killed Edmund
  4595 | D:6      | Reached skill level 1 in Stealth
  4649 | D:6      | Reached skill level 6 in Maces & Flails
  4669 | D:6      | Noticed a +0 dagger
  4669 | D:6      | Noticed a +0 dagger
  4670 | D:6      | Found a hide-covered altar of Uskayaw.
  4722 | D:6      | Noticed Maggie
  4734 | D:6      | Killed Maggie
  5274 | D:6      | Found a radiant altar of Vehumet.
  5333 | D:6      | Found a blossoming altar of Fedhas.
  5338 | D:6      | HP: 1/70 [electric eel/bolt of electricity (9)]
  5872 | D:7      | Reached * piety under the Shining One
  5875 | D:7      | Reached skill level 7 in Maces & Flails
  5887 | D:7      | Reached XP level 9. HP: 65/75 MP: 8/8
  5987 | D:7      | Found a burning altar of Makhleb.
  6211 | D:7      | Noticed a boulder beetle
  6324 | D:7      | Killed a boulder beetle
  6325 | D:7      | Reached skill level 8 in Maces & Flails
  6325 | D:7      | Reached skill level 1 in Throwing
  6590 | D:8      | Reached skill level 9 in Maces & Flails
  6621 | D:8      | Found a large runed translucent door.
  6621 | D:8      | Found a large runed translucent door.
  6681 | D:8      | Noticed a cyclops
  6681 | D:8      | Reached ** piety under the Shining One
  6681 | D:8      | Noticed a troll
  6699 | D:8      | Killed a troll
  6704 | D:8      | Killed a cyclops
  6705 | D:8      | Reached XP level 10. HP: 74/86 MP: 9/9
  6724 | D:8      | Found a large runed translucent door.
  6724 | D:8      | Found a large runed translucent door.
  6736 | D:8      | Identified the staff of air "Dilui" {rElec rCorr}
  6820 | D:8      | Found a staircase to the Lair.
  7024 | D:8      | Reached skill level 10 in Maces & Flails
  7247 | D:8      | Found the +16 obsidian axe {drain, demonic, Mesm Drain Fly
                  | SInv}
  7448 | D:8      | Got Sif Muna's Secrets of Quantum Anathema
  7515 | D:8      | Found a sacrificial altar of Ru.
  7577 | D:8      | Noticed Psyche
  7581 | D:8      | Killed Psyche
  7723 | D:8      | Noticed a deep elf pyromancer
  7742 | D:8      | Killed a deep elf pyromancer
  7914 | D:8      | Got the Quarto of Attendants
  7992 | D:9      | Found an opulent altar of Gozag.
  8025 | D:9      | Found a shimmering blue altar of Sif Muna.
  8064 | D:9      | Reached skill level 11 in Maces & Flails
  8243 | D:9      | Noticed a two-headed ogre
  8251 | D:9      | Killed a two-headed ogre
  8252 | D:9      | Reached skill level 10 in Shields
  8476 | D:10     | Entered Level 10 of the Dungeon
  8728 | D:10     | Found a white marble altar of Elyvilon.
  9026 | D:10     | Identified 2 scrolls of acquirement
  9027 | D:10     | Acquired the +0 pair of boots of Fortification {rF+}
  9071 | D:10     | Reached XP level 11. HP: 95/95 MP: 10/10
  9090 | D:10     | Found a snail-covered altar of Cheibriados.
  9287 | D:10     | Found a staircase to the Orcish Mines.
  9644 | D:10     | Reached skill level 12 in Maces & Flails
  9645 | D:10     | Reached skill level 5 in Dodging
  9782 | D:11     | Found Guyhunluomp's Armour Shoppe.
  9839 | D:11     | Bought a +1 pair of gloves of strength for 198 gold pieces
  9964 | D:11     | Found Exzez's Assorted Antiques.
  9972 | D:11     | Bought a scroll labelled NOH NAROBIAGAA for 23 gold pieces
  9973 | D:11     | Noticed a boulder beetle
  9989 | D:11     | Killed a boulder beetle
 10194 | D:11     | Found a runed translucent gate.
 10194 | D:11     | Found a runed translucent gate.
 10194 | D:11     | Found a runed translucent gate.
 10196 | D:11     | Reached *** piety under the Shining One
 10196 | D:11     | Noticed gdog's ghost (journeyman GnDe)
 10540 | D:12     | Noticed a skeletal warrior
 10541 | D:12     | Noticed a skeletal warrior
 10543 | D:12     | Noticed a skeletal warrior
 10564 | D:12     | Killed a skeletal warrior
 10630 | D:12     | Killed a skeletal warrior
 10631 | D:12     | Reached skill level 13 in Maces & Flails
 10632 | D:12     | Killed a skeletal warrior
 11016 | D:12     | Identified the +1 leather armour of Ithrif Borph {Str+2}
 11142 | D:12     | Reached **** piety under the Shining One
 11244 | D:12     | Reached skill level 10 in Armour
 11803 | D:13     | Noticed a yaktaur captain
 11805 | D:13     | Noticed a centaur warrior
 11807 | D:13     | Reached XP level 12. HP: 106/106 MP: 11/11
 11815 | D:13     | Noticed a fire giant
 11823 | D:13     | Killed a centaur warrior
 11824 | D:13     | Reached skill level 10 in Fighting
 11827 | D:13     | Noticed a shadow dragon
 11827 | D:13     | Identified the +8 plate armour of Midsummer {rPois rF+
                  | Str+3 Dex+2}
 11831 | D:13     | Killed a yaktaur captain
 11908 | D:13     | Reached skill level 14 in Maces & Flails
 12108 | D:13     | Noticed a two-headed ogre
 12122 | D:13     | Killed a two-headed ogre
 12283 | D:13     | Mangled by a fire giant

Illustrated notes

Levels and vault maps discovered:
D:1:      minmay_arrival_split_and_join, layout_rooms, serial_shops, shop
D:2:      layout_rooms, hex_tiny
D:3:      layout_basic
D:4:      layout_loops_ring, grunt_temple_overflow_holy_war
D:5:      layout_basic, nemelex_dance_club_becter, temple_hall,
          minmay_joined_circles, uniq_duvessa
D:6:      layout_basic, dancing_weapons_uskayaw, nicolae_overflow_squiral,
          uniq_edmund, uniq_maggie
D:7:      nicolae_cairo_tiling_large_dashed, layout_loops_ring,
          lightli_temple_of_fire, hangedman_decor_slide_cut
D:8:      layout_basic, mainiacjoe_overflow_24_doors, david_lair_shrubbed,
          dreamdust_deal_with_the_devil, chequers_hall_statues_wall_a,
          minmay_hollow_rounded_squares, uniq_psyche
D:9:      layout_basic, nicolae_sif_muna_condensation,
          nicolae_gozag_seed_capital
D:10:     layout_cave_pools, elyvilon_altar_4, kennysheep_slug_shrine,
          david_orc_4, serial_co_window_serial, co_window_paths_a,
          co_window_paths_b, co_window_corner_a, co_window_corner_a,
          co_window_of_opportunity_a, co_window_corner_ca, co_window_corner_ca,
          co_window_broadway_b, co_window_paths_c, glass_columns_a,
          dreamdust_mushroom_princess, serial_bayou_pond_d
D:11:     layout_basic, gammafunk_ghost_necromancy, serial_shops,
          shop_fountains, shop, minmay_stone_trees_small
D:12:     layout_stronghold
D:13:     layout_loops_cross, minmay_radiant

Skill      XL: |  1  2  3  4  5  6  7  8  9 10 11 12 |
---------------+-------------------------------------+-----
Fighting       | 4 5 6 7 8 9 10 | 10.1
Shields        | 4 5 6 7 9 10 11 12 | 12.1
Long Blades    | 3 |  3.3
Armour         | 4 5 6 8 9 10 | 10.3
Maces & Flails | 1 2 3 4 5 7 9 11 13 14 | 14.1
Dodging        | 1 2 3 4 5 6 |  6.5
Stealth        | 1 |  1.8
Throwing       | 1 2 3 |  3.1

Action                     |  1- 3 |  4- 6 |  7- 9 | 10-12 || total
---------------------------+-------+-------+-------+-------++-------
  Melee: Long sword        |    25 |       |       |       ||    25
         Headbutt          |     8 |    13 |    50 |   130 ||   201
         Mace              |    42 |    76 |    53 |       ||   171
         Flail             |       |       |   129 |   418 ||   547
  Throw: Dart              |       |       |     7 |    24 ||    31
    Use: Potion            |     5 |       |     1 |     4 ||    10
         Scroll            |       |     1 |     9 |    15 ||    25
 Armour: Scale mail        |    49 |    11 |    42 |   202 ||   304
         Skin              |     2 |       |       |       ||     2
         Chain mail        |       |    29 |    41 |       ||    70
  Dodge: Dodged            |    44 |    36 |    71 |   239 ||   390
  Block: Buckler           |    25 |    56 |   127 |   309 ||   517
         Reflection        |       |     1 |     4 |     9 ||    14
